 Dungeon Crawl Stone Soup version 0.29-a0-409-gd843f3a48c (webtiles) character file.

Game seed: 17312396285474347947

19 holysushi the Insei (level 2, 0/24 HPs)
             Began as a Mummy Monk on May 14, 2022.
             Slain by a kobold
             ... wielding a +0 whip
              (5 damage)
             ... on level 1 of the Dungeon.
             The game lasted 00:00:37 (732 turns).

holysushi the Insei (Mummy Monk)                     Turns: 732, Time: 00:00:38

Health: 0/24       AC:  2    Str: 14    XL:     2   Next: 55%
Magic:  2/2        EV: 12    Int:  9    God:
Gold:   48         SH:  0    Dex: 14    Spells: 1/1 levels left

rFire   x . .      SeeInvis .     - Unarmed
rCold   + . .      Faith    .   (no shield)
rNeg    + + +      Spirit   .   a - +0 robe
rPois   ∞          Reflect  .   (no helmet)
rElec   .          Harm     .   (no cloak)
rCorr   .          Rampage  .   (no gloves)
Will    .....                   (no boots)
Stlth   ++........              (no amulet)
HPRegen 0.08/turn               (no ring)
MPRegen 0.08/turn               (no ring)

@: no status effects
A: cold resistance 1, negative energy resistance 3, torment resistance 2, heat
vulnerability 1, no potions
a: no special abilities


You were on level 1 of the Dungeon.
You visited 1 branch of the dungeon, and saw 1 of its levels.

You collected 48 gold pieces.

Inventory:

Armour
 a - a +0 robe (worn)
Scrolls
 b - 2 scrolls of acquirement {unknown}
 c - a scroll of identify {unknown}
 d - a scroll of magic mapping {unknown}
 e - a scroll of fear {unknown}


   Skills:
 - Level 3.0 Fighting
 - Level 2.4 Dodging
 - Level 1.5 Stealth
 * Level 3.2 Unarmed Combat


You had one spell level left.
You didn't know any spells.
Your spell library was empty.

Dungeon Overview and Level Annotations

Branches:
Dungeon (1/15)

Altars:


Innate Abilities, Weirdness & Mutations

You are immune to poison.
Your flesh is cold resistant. (rC+)
You are immune to negative energy. (rN+++)
You are immune to unholy pain and torment.
You are vulnerable to heat. (rF-)
You do not drink.


Message History

You now have 37 gold pieces (gained 16).
You now have 48 gold pieces (gained 11).
You open the door.
A kobold comes into view. It is wielding a +0 whip.
The kobold shouts!
You hear an angry hiss.
There is an open door here.
A kobold is nearby!
A kobold is nearby!
A ball python comes into view.
The ball python hisses angrily.
There are monsters nearby!
You closely miss the kobold. The kobold hits you with a +0 whip.
You completely miss the kobold. The kobold misses you.
You hit the kobold but do no damage. The ball python closely misses you. x2
The kobold hits you but does no damage.
You closely miss the ball python. The ball python closely misses you. x2
The kobold barely misses you.
You closely miss the kobold. The ball python closely misses you.
The ball python grabs you. The ball python constricts you.
The kobold hits you with a +0 whip.
You hit the ball python.
You kill the ball python!
The kobold hits you with a +0 whip.
You miss the kobold. The kobold barely misses you.
The kobold attacks as you move away! The kobold hits you with a +0 whip.
There is an open door here.
The kobold attacks as you move away! The kobold closely misses you.
You closely miss the kobold. The kobold closely misses you.
You closely miss the kobold. You punch the kobold, but do no damage.
The kobold hits you with a +0 whip.
You hit the kobold but do no damage. You hit the kobold but do no damage.
The kobold hits you with a +0 whip.
* * * LOW HITPOINT WARNING * * *
You hit the kobold but do no damage. The kobold hits you but does no damage.
You barely miss the kobold. The kobold hits you with a +0 whip.
* * * LOW HITPOINT WARNING * * *
You hit the kobold.
The kobold is heavily wounded.
The kobold hits you with a +0 whip.
You die...

###+#'### #.......#
#########
################# #
#.......##......# #
#.......##......# #
#.......##......# #
#####.......##......#
#
#...........@K......#
##
#...........##†.....#
.#
#...)........+......#
.#
#....#########......#
.####....## .......#
..........# #.##+###
###≈###...#####.##..
#.#≈#.#.............
#.#≈#.###.#.......


You could see a kobold.

Vanquished Creatures
  A dart slug (D:1)
  3 endoplasms (D:1)
  A goblin (D:1)
  A hobgoblin (D:1)
  2 kobolds (D:1)
  4 ball pythons (D:1)
  3 bats (D:1)
  A frilled lizard (D:1)
  A rat (D:1)
17 creatures vanquished.

Notes
Turn   | Place    | Note
-------+----------+-------------------------------------------
     0 | D:1      | holysushi the Mummy Monk began the quest for the Orb.
     0 | D:1      | Reached XP level 1. HP: 18/18 MP: 1/1
   273 | D:1      | Reached XP level 2. HP: 19/24 MP: 2/2
   732 | D:1      | Slain by a kobold

Illustrated notes

Levels and vault maps discovered:
D:1:      minmay_arrival_solitary_statue, layout_basic, grunt_decor_cap

Skill      XL: |  1  2 |
---------------+-------+-----
Unarmed Combat | 3 |  3.2
Fighting       | |  3.0
Dodging        | |  2.4
Stealth        | |  1.5

Action                   || total
-------------------------++-------
Melee: Unarmed           ||    72
       Punch             ||     2
 Stab: Sleeping          ||     3
Armor: Robe              ||    19
Dodge: Dodged            ||    45

Table legend: (Time is in decaauts)
 A = Elapsed time spent in this place.
 B = Non-inter-level travel time spent in this place.
 C = Inter-level travel time spent in this place.
 D = Time resting spent in this place.
 E = Time spent auto-exploring this place.
 F = Levels seen in this place.
 G = Mean time per level.
                   A        B        C        D        E       F      G
               +--------+--------+--------+--------+--------+-----+--------+
         Total |    727 |    727 |      0 |    225 |    340 |   1 |  727.0 |
       Dungeon |    727 |    727 |      0 |    225 |    340 |   1 |  727.0 |
               +--------+--------+--------+--------+--------+-----+--------+

Top non-repeatable levels by time:
     D:1: 727 daAuts
